 Dungeon Crawl Stone Soup version 0.31-a0-667-g39726597b9 (webtiles) character file.

Game seed: 14492615771047727370

37584 Conn the Destroyer (level 13, -2/106 HPs)
             Began as an Octopode Fire Elementalist on Sept 3, 2023.
             Was an Elder of Sif Muna.
             Slain by an ice devil (4 damage)
             ... in an ice cave.
             The game lasted 01:11:19 (17900 turns).

Conn the Destroyer (Octopode Fire Elementalist)    Turns: 17900, Time: 01:11:19

Health: -2/106     AC: 26    Str:  7    XL:     13   Next: 97%
Magic:  26/36      EV:  2    Int: 28    God:    Sif Muna [****..]
Gold:   133        SH:  5    Dex: 10    Spells: 5/32 levels left

rFire   + + .        s - +1 scimitar "Xohisule" {freeze, rElec Will+ Dex-3 Stlth+}
rCold   + + .        (no shield)
rNeg    . . .        (helmet currently unavailable)
rPois   +            i - amulet of reflection
rElec   +            d - ring of see invisible
rCorr   +            o - ring of magical power
SInv    +            v - ring of wizardry
Will    ++...        A - ring of resist corrosion
Stlth   ++++         G - +5 ring of evasion
HPRegen 0.37/turn    H - +6 ring of intelligence
MPRegen 0.25/turn    J - ring of the Pariah {rF+ rC+ Will+}
                     (no ring)

%: reflection, wizardry (x1)
@: tree-form, resistant
A: stationary, stasis, torment immunity, boosted hp, almost no armour,
(amphibious), 8 rings, (camouflage 1), (gelatinous body 1), (nimble swimmer 1),
(tentacles)
a: Renounce Religion, Channel Magic, Forget Spell, Divine Exegesis


You were in an ice cave.
You worshipped Sif Muna.
Sif Muna was greatly pleased with you.
You were a tree.
You visited 3 branches of the dungeon, and saw 16 of its levels.
You also visited: Bailey and Ice Cave.

You collected 964 gold pieces.
You spent 831 gold pieces at shops.

Inventory:

Hand Weapons
 n - a +3 rapier of freezing
 s - the +1 scimitar "Xohisule" (weapon) {freeze, rElec Will+ Dex-3 Stlth+}
   (You bought it in a shop on level 9 of the Dungeon)

   Dex-3:     It affects your dexterity (-3).
   rElec:     It insulates you from electricity.
   Will+:     It increases your willpower.
   Stlth+:    It makes you more stealthy.
 B - the +9 long sword of the Hurtling Butterfly {flame, Int+4}
   (You took it off a centaur on level 9 of the Dungeon)

   Int+4:     It affects your intelligence (+4).
 I - the +4 long sword "Vocam" {speed, Fly rF+ Dex-2 Stlth+}
   (You found it on level 3 of the Lair of Beasts)

   Dex-2:     It affects your dexterity (-2).
   rF+:       It protects you from fire.
   Fly:       It grants you flight.
   Stlth+:    It makes you more stealthy.
 K - the +0 long sword "Neleplit" {freeze, Drain rF++ Dex+4}
   (You found it on level 10 of the Dungeon)

   Dex+4:     It affects your dexterity (+4).
   rF++:      It greatly protects you from fire.
   Drain:     It drains your maximum health when unequipped.
Jewellery
 d - a ring of see invisible (left branch)
 h - the amulet of Elemental Vulnerability {rPois rF-- rC-- AC+8}
   (You found it on level 2 of the Dungeon)

   [amulet of nothing]

   AC+8:      It affects your AC (+8).
   rF--:      It makes you very vulnerable to fire.
   rC--:      It makes you very vulnerable to cold.
   rPois:     It protects you from poison
 i - an amulet of reflection (around neck)
 o - a ring of magical power (right branch)
 v - a ring of wizardry (on tentacle)
 A - a ring of resist corrosion (on tentacle)
 F - an amulet of regeneration
 G - a +5 ring of evasion (on tentacle)
 H - a +6 ring of intelligence (on tentacle)
 J - the ring of the Pariah (on tentacle) {rF+ rC+ Will+}
   (You bought it in a shop on level 4 of the Dungeon)

   [ring of willpower]

   rF+:       It protects you from fire.
   rC+:       It protects you from cold.
   Will+:     It increases your willpower.
Wands
 e - a wand of mindburst (26)
 w - a wand of iceblast (24)
 z - a wand of charming (4)
 D - a wand of flame (30)
Scrolls
 b - a scroll of identify
 g - 8 scrolls of revelation
 p - 2 scrolls of amnesia
 y - 3 scrolls of teleportation
Potions
 a - a potion of degeneration
 c - 2 potions of brilliance
 f - a potion of invisibility
 j - 2 potions of attraction
 k - 4 potions of might
 m - a potion of resistance
 q - 2 potions of lignification
 t - 2 potions of berserk rage
 u - 3 potions of haste {unknown}
 x - 2 potions of curing {unknown}
 E - a potion of enlightenment {unknown}


   Skills:
 + Level 8.3 Dodging
 - Level 7.4 Stealth
 * Level 10.3 Spellcasting
 * Level 11.0 Conjurations
 - Level 3.0 Hexes
 - Level 5.5 Summonings
 - Level 3.2 Translocations
 + Level 8.4 Fire Magic
 - Level 6.0 Ice Magic
 - Level 5.0 Air Magic
 * Level 9.1 Invocations


You had 5 spell levels left.
You knew the following spells:

 Your Spells              Type           Power      Damage    Failure   Level
a - Foxfire               Conj/Fire      100%       2x1d9     1%          1
b - Scorch                Fire           100%       2d9       1%          2
c - Inner Flame           Hex/Fire       46%        N/A       1%          3
d - Flame Wave            Conj/Fire      62%        2d14      1%          4
e - Blink                 Tloc           64%        N/A       1%          2
f - Hailstorm             Conj/Ice       58%        3d13      1%          3
g - Summon Ice Beast      Ice/Summ       46%        N/A       1%          4
h - Mephitic Cloud        Conj/Pois/Air  44%        N/A       1%          3
i - Call Imp              Summ           90%        N/A       1%          2
j - Ignite Poison         Fire/Tmut/Pois 30%        N/A       1%          3

Your spell library contained the following spells:

 Spells                   Type           Power      Damage    Failure   Level
 Freeze                   Ice            100%       1d10      1%          1
 Magic Dart               Conj           100%       1d8       1%          1
 Necrotise                Necr           56%        1d6       1%          1
 Sting                    Tmut/Pois      56%        1d5       1%          1
 Ensorcelled Hibernation  Hex/Ice        78%        N/A       1%          2
 Lesser Beckoning         Tloc           64%        N/A       1%          2
 Momentum Strike          Conj/Tloc      100%       3d10      1%          2
 Poisonous Vapours        Pois/Air       56%        N/A       1%          2
 Gell's Gravitas          Tloc           32%        N/A       1%          3
 Teleport Other           Tloc           32%        N/A       1%          3
 Volatile Blastmotes      Fire/Tloc      94%        2d17      1%          3
 Manifold Assault         Tloc           32%        N/A       4%          4
 Animate Dead             Necr           14%        N/A       16%         4
 Olgreb's Toxic Radiance  Pois           14%        N/A       16%         4
 Yara's Violent Unravell  Hex/Tmut       11%        3d6       22%         5
 Malign Gateway           Summ/Tloc      19%        N/A       89%         7
 Enfeeble                 Hex            15%        N/A       97%         7
 Haunt                    Necr/Summ      15%        N/A       98%         7
 Infestation              Necr           7%         N/A       100%        8
 Summon Horrible Things   Summ           22%        N/A       100%        8


Dungeon Overview and Level Annotations

Branches:
Dungeon (11/15)            Temple (1/1) D:7            Lair (4/5) D:9
 Shoals (0/4) Lair:2        Snake (0/4) Lair:3       Bailey (visited)
  IceCv (1/1)
  Slime: Lair:4-5       Orc: D:9-12

Altars:
Ashenzari
Cheibriados
Dithmenos
Elyvilon
Fedhas
Gozag
Hepliaklqana
Kikubaaqudgha
Makhleb
Nemelex Xobeh
Okawaru
Qazlal
Ru
Sif Muna
Trog
Uskayaw
Vehumet
Wu Jian
Xom
Yredelemnul
Zin
The Shining One

Shops:
D:4 =   D:5 !   D:8 =   D:9 ([(   D:10 :

Annotations:
D:10 2 transporters, lis82's ghost, journeyman DgHW IceCv exclusion: 2 ice statues


Innate Abilities, Weirdness & Mutations

You are a tree.
Your roots penetrate the ground, keeping you stationary.
You cannot be teleported.
You are immune to unholy pain and torment.
Your maximum health is greatly increased.
You cannot wear most types of armour.
((You are amphibious.))
You can wear up to eight rings at the same time.
((Your skin changes colour to match your surroundings (Stealth+).))
((Your rubbery body absorbs attacks. (AC +1, EV +1)))
((You are camouflaged when in or above water. (Stealth+)))
((You have tentacles for arms and can constrict up to eight enemies at once.))


Message History

Confirm with . or Enter, or press ? or * to list all spells.
Okay, then.
Unknown command.
Unknown command.
Aiming: Charm
Press: ? - help, Shift-Dir - straight line, f - death yak simulacrum
Aim: a death yak simulacrum (chance to affect: 50%)
Okay, then.
Unknown command.
Unknown command.
Okay, then.
Unknown command.
Unknown command.
Unknown command.
Unknown command.
Okay, then.
Unknown command.
Unknown command.
Casting: Flame Wave (safe; 1% risk of failure)
Confirm with . or Enter, or press ? or * to list all spells.
Okay, then.
Unknown command.
Unknown command.
Unknown command.
Okay, then.
Okay, then.
Casting: Flame Wave (safe; 1% risk of failure)
Confirm with . or Enter, or press ? or * to list all spells.
Casting: Flame Wave (safe; 1% risk of failure)
Press: ? - help, Dir - look around, f - activate A wave of flame ripples out!
The flame wave engulfs the ice devil!!
The ice devil is burned terribly!
The ice devil is heavily wounded.
The flame wave engulfs the ice devil!
The ice devil is burned terribly!
The ice devil is severely wounded. (Press . to intensify the flame waves.)
The ice devil hits you!
* * * LOW HITPOINT WARNING * * *
The ice devil freezes you. You resist.
You die...

##....###..###
##..## ##...##
... #.....##
##......#
#.......#
##..##...#
#....#..##
#..#.##.#
#♣##..#.# #44#
..... #.Z.
......
#§○4#...###
#Z§☼# .. #§#☼#
#☼ 4# ○☼ ☼.


You could see 4 ice devils, a death yak simulacrum and a harpy simulacrum.

Vanquished Creatures
  The ghost of Doaqoss the Severer, a journeyman MiFi (Lair:3)
  4 hydras
  3 two-headed ogres
  6 death yaks
  3 skysharks
  5 harpies (Lair:2)
  A manticore (D:11)
  6 elephants (Lair:2)
  A salamander (Lair:3)
  Maurice (D:9)
  Joseph (D:9)
  3 black mambas
  The ghost of Vontreibholz the Chopper, a novice MiFi (D:5)
  A torpor snail (Lair:1)
  A cane toad (Lair:2)
  3 rime drakes
  7 komodo dragons
  An ice devil (IceCv)
  2 trolls
  5 polar bears
  3 blink frogs
  3 dream sheep
  7 spriggans (Bailey)
  29 yaks
  4 basilisks
  3 wyverns
  Eustachio (D:2)
  2 steam dragons
  Edmund (D:6)
  2 death yak simulacra (IceCv)
  3 nagas (Lair:3)
  3 acid dragons
  A harpy simulacrum (IceCv)
  16 water moccasins
  2 orc warriors
  An ice beast (D:5)
  2 black bears
  7 ogres
  14 wolves
  3 centaurs
  2 phantoms
  2 kobold brigands
  8 bullfrogs
  A gnoll sergeant (D:7)
  2 scorpions (D:4)
  4 wights (D:9)
  5 killer bees (D:9)
  2 electric eels (D:10)
  A howler monkey (D:5)
  A jelly (D:6)
  5 orc priests
  4 hounds
  3 iron imps
  2 gnoll boudas
  A sleepcap (D:6)
  Terence (D:2)
  3 iguanas
  11 orc wizards
  A spriggan simulacrum (IceCv)
  4 troll simulacra (IceCv)
  13 gnolls
  8 adders
  A naga simulacrum (IceCv)
  A shadow imp (D:7)
  3 white imps
  A worm (D:5)
  3 dart slugs
  37 orcs
  7 endoplasms
  4 giant cockroaches
  6 hobgoblins
  3 jackals (D:3)
  16 kobolds
  7 ball pythons
  6 bats
  A frilled lizard (D:2)
  7 goblins
  3 rats
353 creatures vanquished.

Vanquished Creatures (collateral kills)
  An elephant (Lair:2)
  9 foxfires
10 creatures vanquished.

Vanquished Creatures (others)
  886 foxfires
886 creatures vanquished.

Grand Total: 1249 creatures vanquished

Notes
Turn   | Place    | Note
-------+----------+-------------------------------------------
     0 | D:1      | Conn the Octopode Fire Elementalist began the quest for the
                  | Orb.
     0 | D:1      | Reached XP level 1. HP: 11/11 MP: 3/3
   149 | D:1      | Reached XP level 2. HP: 17/17 MP: 0/5
   152 | D:1      | Learned a level 2 spell: Scorch
   807 | D:2      | Reached XP level 3. HP: 17/21 MP: 2/6
   811 | D:2      | Learned a level 3 spell: Inner Flame
   815 | D:2      | Got the Excursus on the Icicle and the Bonfire
   978 | D:2      | Found the amulet of Elemental Vulnerability {rPois rF--
                  | rC-- AC+8}
  1008 | D:2      | Noticed Terence
  1713 | D:3      | Reached XP level 4. HP: 27/27 MP: 0/7
  1809 | D:3      | Learned a level 2 spell: Blink
  1961 | D:3      | Found a shadowy altar of Dithmenos.
  2063 | D:4      | Noticed a scorpion
  2083 | D:4      | Killed a scorpion
  2084 | D:4      | Reached skill level 2 in Conjurations
  2084 | D:4      | Reached XP level 5. HP: 20/31 MP: 1/9
  2181 | D:4      | Noticed a phantom
  2186 | D:4      | Killed a phantom
  2187 | D:4      | Reached skill level 1 in Translocations
  2305 | D:4      | Noticed an ogre
  2314 | D:4      | Killed an ogre
  2315 | D:4      | Reached XP level 6. HP: 36/36 MP: 0/11
  2321 | D:4      | Reached skill level 3 in Conjurations
  2512 | D:4      | Noticed a black bear
  2520 | D:4      | Killed a black bear
  2521 | D:4      | Reached XP level 7. HP: 41/41 MP: 4/12
  2723 | D:4      | Found Gosiz's Jewellery Shoppe.
  2728 | D:4      | Bought a ring of magical power for 200 gold pieces
  2770 | D:4      | Learned a level 4 spell: Flame Wave
  2944 | D:4      | Found a burning altar of Makhleb.
  2944 | D:4      | Noticed Eustachio
  3301 | D:2      | Killed Terence
  3763 | D:2      | Killed Eustachio
  3764 | D:2      | Reached skill level 5 in Stealth
  3764 | D:2      | Reached skill level 4 in Conjurations
  3951 | D:5      | Entered Level 5 of the Dungeon
  3974 | D:5      | Reached XP level 8. HP: 46/46 MP: 14/14
  4305 | D:5      | Found Vianifem's Distillery.
  4327 | D:5      | Found an ornate altar of the Wu Jian Council.
  4652 | D:5      | Found a runed translucent door.
  4658 | D:5      | Noticed Vontreibholz's ghost (novice MiFi)
  4667 | D:5      | Killed Vontreibholz's ghost
  4668 | D:5      | Reached skill level 5 in Spellcasting
  4668 | D:5      | Reached skill level 5 in Conjurations
  5000 | D:5      | Reached XP level 9. HP: 51/51 MP: 17/17
  5004 | D:5      | Learned a level 3 spell: Hailstorm
  5263 | D:6      | Found a shimmering blue altar of Sif Muna.
  5271 | D:6      | Became a worshipper of Sif Muna the Loreminder
  5280 | D:6      | Reached skill level 5 in Fire Magic
  5284 | D:6      | Got Sif Muna's Essays on Mortification
  5598 | D:6      | Noticed Edmund
  5606 | D:6      | Killed Edmund
  5789 | D:6      | Reached skill level 1 in Ice Magic
  5898 | D:6      | Found a glowing silver altar of Zin.
  5898 | D:6      | Noticed an angel
  6101 | D:7      | Found a sparkling altar of Nemelex Xobeh.
  6176 | D:7      | Found a bloodstained altar of Trog.
  6230 | D:7      | Reached skill level 6 in Conjurations
  6273 | D:7      | Learned a level 4 spell: Summon Ice Beast
  6291 | D:7      | Found a staircase to the Ecumenical Temple.
  6301 | Temple   | Entered the Ecumenical Temple
  6683 | D:7      | Reached * piety under Sif Muna
  6909 | D:8      | Found a flagged portal.
  6961 | Bailey   | Entered a bailey
  6979 | Bailey   | Reached skill level 5 in Dodging
  6986 | Bailey   | Reached skill level 1 in Summonings
  6987 | Bailey   | Noticed a two-headed ogre
  6990 | Bailey   | Killed a two-headed ogre
  6991 | Bailey   | Reached XP level 10. HP: 39/56 MP: 6/19
  6998 | Bailey   | Reached skill level 7 in Conjurations
  6999 | Bailey   | Reached skill level 1 in Invocations
  7127 | Bailey   | Identified the +2 swamp dragon scales "Xuedd" {rPois Str-3
                  | Dex+8}
  7606 | D:8      | Found Midisk's Jewellery Emporium.
  7838 | D:8      | Found an opulent altar of Gozag.
  7882 | D:8      | Learned a level 3 spell: Mephitic Cloud
  8118 | D:9      | Found Ehas's Antique Weapon Boutique.
  8118 | D:9      | Found Uzuahogu's Armour Boutique.
  8118 | D:9      | Found Dykloc's Antique Weapon Boutique.
  8120 | D:9      | Bought a buzzing scimitar for 171 gold pieces
  8120 | D:9      | Identified the +1 scimitar "Xohisule" {freeze, rElec Will+
                  | Dex-3 Stlth+} (You bought it in a shop on level 9 of the
                  | Dungeon)
  8319 | D:9      | Reached ** piety under Sif Muna
  8411 | D:9      | Noticed a death yak
  8413 | D:9      | Found a staircase to the Lair.
  8418 | D:9      | Noticed a death yak
  8419 | D:9      | Noticed a death yak
  8908 | D:9      | Noticed Maurice
  8912 | D:9      | Killed Maurice
  8913 | D:9      | Reached skill level 1 in Air Magic
  8997 | D:9      | Found a sacrificial altar of Ru.
  9066 | D:9      | Identified the +9 long sword of the Hurtling Butterfly
                  | {flame, Int+4}
  9374 | D:9      | Noticed Joseph
  9386 | D:9      | Killed Joseph
  9387 | D:9      | Reached skill level 8 in Conjurations
  9387 | D:9      | Reached XP level 11. HP: 61/61 MP: 7/22
  9716 | D:9      | Killed a death yak
  9719 | D:9      | Killed a death yak
  9719 | D:9      | Killed a death yak
  9907 | D:9      | Learned a level 2 spell: Call Imp
  9953 | Lair:1   | Entered Level 1 of the Lair of Beasts
  9967 | Lair:1   | Reached skill level 5 in Invocations
 10638 | Lair:1   | Reached *** piety under Sif Muna
 10650 | Lair:1   | Reached skill level 9 in Conjurations
 10988 | Lair:1   | Reached XP level 12. HP: 66/66 MP: 24/24
 11545 | Lair:2   | Noticed a four-headed hydra
 11555 | Lair:2   | Killed a four-headed hydra
 11947 | Lair:2   | Reached skill level 5 in Ice Magic
 12158 | Lair:2   | Found a staircase to the Shoals.
 12164 | Lair:2   | HP: 3/66 [harpy (6)]
 12717 | Lair:2   | Reached skill level 5 in Summonings
 12754 | Lair:2   | Noticed a skyshark
 12768 | Lair:2   | Killed a skyshark
 12932 | Lair:2   | Reached skill level 10 in Conjurations
 13294 | Lair:2   | Reached XP level 13. HP: 71/71 MP: 25/26
 13876 | Lair:3   | Reached **** piety under Sif Muna
 14371 | Lair:3   | Found a runed translucent gate.
 14372 | Lair:3   | Found a runed translucent gate.
 14373 | Lair:3   | Found a runed translucent gate.
 14373 | Lair:3   | Noticed Doaqoss's ghost (journeyman MiFi)
 14950 | Lair:3   | Found a staircase to the Snake Pit.
 15232 | Lair:3   | Learned a level 3 spell: Ignite Poison
 15361 | Lair:4   | Reached skill level 1 in Hexes
 15550 | Lair:3   | Reached skill level 5 in Air Magic
 15604 | Lair:3   | Killed Doaqoss's ghost
 15605 | Lair:3   | Reached skill level 10 in Spellcasting
 15757 | Lair:3   | Identified the +4 long sword "Vocam" {speed, Fly rF+ Dex-2
                  | Stlth+}
 15956 | D:4      | Bought the ring of the Pariah {rF+ rC+ Will+} for 460 gold
                  | pieces
 16069 | D:10     | Entered Level 10 of the Dungeon
 16079 | D:10     | Found Diloiz's Self-Improvement Boutique.
 16169 | D:10     | Found a radiant altar of Vehumet.
 16388 | D:10     | Found a hide-covered altar of Uskayaw.
 16438 | D:10     | Found a transporter.
 16446 | D:10     | Identified the +0 long sword "Neleplit" {freeze, Drain rF++
                  | Dex+4}
 16467 | D:10     | Noticed lis82's ghost (journeyman DgHW)
 16513 | D:10     | Found a bloodstained altar of Trog.
 16531 | D:10     | Found a transporter.
 16561 | D:10     | Found a white marble altar of Elyvilon.
 17234 | D:11     | Found a frozen archway.
 17381 | D:11     | Reached skill level 11 in Conjurations
 17395 | IceCv    | Entered an ice cave
 17900 | IceCv    | HP: 2/106 [ice devil (11)]
 17900 | IceCv    | Slain by an ice devil

Illustrated notes

Levels and vault maps discovered:
D:1:      dpeg_chamrin_arrival_tetris, layout_basic
D:2:      layout_loops_ring, minmay_misc_feat_five, uniq_terence
D:3:      layout_rooms, marbit_many_paths
D:4:      layout_rooms, demons_altar, serial_shops, kennysheep_little_box,
          uniq_eustachio
D:5:      layout_gridville, mainiacjoe_overflow_boulevard, serial_glass,
          glass_columns_a, glass_columns_a, serial_shops, shop,
          ebering_ghost_sewer_d
D:6:      layout_loops_corners, led_sif_book, zin_angel, uniq_edmund
D:7:      layout_basic, nemelex_altar_shiori,
          mainiacjoe_overflow_concentric_impassable, minmay_temple_entry_ruins
D:8:      layout_cave_pools, grunt_gozag_breadcrumbs, serial_shops,
          nicolae_shop_window_shopping, enter_bailey_6
D:9:      layout_roguey, mainiacjoe_overflow_alcove_2, dpeg_lair_monsters,
          nicolae_shop_distant_corner_stores, uniq_joseph, uniq_maurice
D:10:     layout_roguey, nicolae_elyvilon_temple_path, nicolae_vehumet_radiance,
          general_overflow_altar, gammafunk_ghost_wrathful_warriors,
          nicolae_shop_self_help
D:11:     layout_loops_ring, portal_ice_cave_entry_animals_and_master,
          uniq_sonja
Temple:   nicolae_temple_two_arcs
Lair:1:   layout_hall_layers, grunt_megastairs_4
Lair:2:   layout_cave_pods, nicolae_shoals_entry_roost, nzn_random_ring
Lair:3:   layout_gridlike, alex1729_snake_entry_snake,
          gammafunk_ghost_hydra_chop
Lair:4:   layout_cave_shapes, roderic_batcave, uniq_snorg
IceCv:    ice_cave_small_demon

Skill      XL: |  1  2  3  4  5  6  7  8  9 10 11 12 13 |
---------------+----------------------------------------+-----
Stealth        | 3 4 5 6 7 |  7.4
Conjurations   | 2 3 4 5 6 8 9 10 11 | 11.0
Spellcasting   | 3 4 5 6 7 8 9 10 | 10.3
Translocations | 1 2 3 |  3.2
Dodging        | 3 4 5 6 7 8 |  8.3
Fire Magic     | 4 5 6 7 8 |  8.4
Ice Magic      | 2 3 4 5 6 |  6.0
Summonings     | 1 3 4 5 |  5.5
Invocations    | 3 5 7 9 |  9.1
Air Magic      | 1 3 4 5 |  5.0
Hexes          | 3 |  3.0

Action                     |  1- 3 |  4- 6 |  7- 9 | 10-12 | 13-15 || total
---------------------------+-------+-------+-------+-------+-------++-------
  Melee: Dagger            |    22 |     9 |    42 |       |       ||    73
         Constrict         |     4 |     4 |    10 |     2 |     3 ||    23
         Tentacles         |     2 |     1 |    16 |     3 |     1 ||    23
         Rapier            |       |       |    13 |       |       ||    13
         Punch             |       |       |     2 |       |     1 ||     3
         Scimitar          |       |       |       |     2 |     5 ||     7
         Long sword        |       |       |       |     8 |    10 ||    18
   Cast: Foxfire           |    49 |    29 |   151 |   169 |   119 ||   517
         Scorch            |     7 |     6 |    42 |    88 |    75 ||   218
         Inner Flame       |     1 |       |     9 |    28 |    14 ||    52
         Blink             |       |       |     6 |    10 |     9 ||    25
         Flame Wave        |       |       |     3 |    34 |    30 ||    67
         Summon Ice Beast  |       |       |     1 |     8 |    10 ||    19
         Mephitic Cloud    |       |       |       |    26 |    24 ||    50
         Hailstorm         |       |       |       |     8 |    11 ||    19
         Call Imp          |       |       |       |     3 |     2 ||     5
         Ignite Poison     |       |       |       |       |     4 ||     4
 Invoke: Channel Magic     |       |       |       |     4 |     2 ||     6
  Evoke: Wand              |       |       |     2 |     1 |     2 ||     5
    Use: Scroll            |     2 |       |     6 |     5 |     4 ||    17
         Potion            |     1 |       |     2 |     4 |     3 ||    10
   Stab: Sleeping          |     5 |     2 |     3 |       |     1 ||    11
         Confused          |       |       |       |     2 |       ||     2
 Armour: Skin              |    23 |     8 |    54 |    78 |    41 ||   204
  Dodge: Dodged            |    12 |     7 |    65 |    95 |    56 ||   235
  Block: Other             |     3 |       |       |       |     2 ||     5

Table legend: (Time is in decaauts)
 A = Elapsed time spent in this place.
 B = Non-inter-level travel time spent in this place.
 C = Inter-level travel time spent in this place.
 D = Time resting spent in this place.
 E = Time spent auto-exploring this place.
 F = Levels seen in this place.
 G = Mean time per level.
                   A        B        C        D        E       F      G
               +--------+--------+--------+--------+--------+-----+--------+
         Total |  17918 |  17286 |    632 |   2416 |  10824 |  18 |  995.4 |
       Dungeon |  11113 |  10573 |    540 |   1422 |   6533 |  11 | 1010.3 |
        Temple |      1 |      1 |      0 |      0 |      0 |   1 |    1.0 |
          Lair |   5740 |   5649 |     91 |    490 |   4047 |   4 | 1435.0 |
        Bailey |    558 |    558 |      0 |    127 |    243 |   1 |  558.0 |
      Ice Cave |    504 |    504 |      0 |    377 |      1 |   1 |  504.0 |
               +--------+--------+--------+--------+--------+-----+--------+

Top non-repeatable levels by time:
  Lair:3: 2190 daAuts
  Lair:2: 2072 daAuts
     D:9: 1846 daAuts
  Lair:1: 1425 daAuts
     D:2: 1393 daAuts
     D:5: 1220 daAuts
     D:4: 1126 daAuts
     D:6: 957 daAuts
     D:8: 870 daAuts
     D:7: 864 daAuts
    D:10: 810 daAuts
     D:3: 803 daAuts
     D:1: 717 daAuts
  Bailey: 558 daAuts
   IceCv: 504 daAuts
